 Dungeon Crawl Stone Soup version 0.18-a0-1805-g8ab820f (webtiles) character file.

14166 dvd the Slinger (level 11, -16/148 HPs)
             Began as a Minotaur Berserker on Apr 25, 2016.
             Was a High Priest of Trog.
             Demolished by an orc warrior
             ... wielding a +0 trident
             ... led by an orc warlord
              (31 damage)
             ... on level 2 of the Orcish Mines.
             The game lasted 00:47:06 (13681 turns).

dvd the Slinger (Minotaur Berserker)               Turns: 13681, Time: 00:47:07

Health: -16/148    AC:  9    Str: 28    XL:     11   Next: 85%
Magic:  10/10      EV: 16    Int:  4    God:    Trog [*****.]
Gold:   1000       SH:  0    Dex: 12    Spells: 0 memorised, 10 levels left

rFire  . . .     SeeInvis .     a - +3 quarterstaff (chaos)
rCold  . . .     Gourm    .     g - -1 leather armour (curse)
rNeg   . . .     Faith    .     (shield currently unavailable)
rPois  .         Spirit   .     u - +2 hat
rElec  .         Dismiss  .     F - +0 cloak
rCorr  .         Reflect  .     x - +1 pair of gloves {archery}
SustAt .         Harm     .     (no boots)
MR     .....                    (no amulet)
Stlth  ..........               (no ring)
                                (no ring)

@: berserking, very quick, not resistant to hostile enchantments, extremely
unstealthy
A: retaliatory headbutt, horns 2
a: Berserk, Trog's Hand, Brothers in Arms, Burn Spellbooks, Renounce Religion


You were on level 2 of the Orcish Mines.
You worshipped Trog.
Trog was extremely pleased with you.
You were hungry.

You visited 2 branches of the dungeon, and saw 14 of its levels.

You collected 1148 gold pieces.
You spent 148 gold pieces at shops.

Inventory:

Hand Weapons
 a - a +3 quarterstaff of chaos (weapon)
 b - a +2 dire flail of crushing
 c - a +5 greatsling of flaming
 d - a +3 triple crossbow of freezing
 e - a +1 whip of freezing
 o - a +3 hand axe of freezing
 r - a +1 hunting sling of velocity
 w - a +1 flail of venom
 I - a +1 hand axe of chopping
 O - a +1 hand axe of electrocution
Missiles
 n - 53 sling bullets
 z - 170 stones (quivered)
 D - 15 tomahawks
 R - 23 bolts
Armour
 g - a cursed -1 leather armour (worn)
 p - a +0 buckler
 u - a +2 hat (worn)
 x - a +1 pair of gloves of archery (worn)
 E - a +1 chain mail of magic resistance
 F - a +0 cloak (worn)
 L - a cursed -2 chain mail
Wands
 i - a wand of teleportation (4/9)
 j - a wand of digging (13/24)
 y - a wand of flame (28/48)
 G - a wand of acid (10/15)
 N - a wand of lightning (5/15)
 Q - a wand of flame (25/48)
 T - a wand of flame (27/48)
Scrolls
 f - 2 scrolls of magic mapping
 h - 6 scrolls of identify
 C - 3 scrolls of recharging
Potions
 k - a potion of might
 l - 2 potions of resistance
 m - a potion of agility
 t - a potion of curing
 A - 2 potions of haste
 K - a potion of flight
Comestibles
 q - 5 meat rations
 s - 12 beef jerkies
 v - 8 fruits
 B - 14 bread rations
 H - 5 chunks of flesh
 M - a slice of pizza


   Skills:
 + Level 9.7 Fighting
 + Level 8.0(9.2) Maces & Flails
 + Level 7.0(8.8) Staves
 + Level 10.9(11.0) Slings
 * Level 2.8 Crossbows
 + Level 0.2(6.3) Throwing
 + Level 8.9 Armour
 + Level 9.3 Dodging
 + Level 3.3 Stealth
 + Level 2.0 Shields


You had 10 spell levels left.
You didn't know any spells.

Dungeon Overview and Level Annotations

Branches:
Dungeon (12/15)            Temple (0/1) D:7            Lair (0/8) D:11
    Orc (2/2) D:9
    Elf: Orc:2

Altars:
Cheibriados
Dithmenos
Elyvilon
Fedhas
Gozag
Kikubaaqudgha
Okawaru
Pakellas
Qazlal
Yredelemnul

Shops:
D:5 }([[   D:9 *   Orc:1 :


Innate Abilities, Weirdness & Mutations

You reflexively headbutt those who attack you in melee.
You have a pair of horns on your head.


Message History

Trog accepts your kill. The orc warlord completely misses you.
You sock the orc warlord! Your headbutt misses the orc warlord.
The orc warlord is heavily wounded.
You barely miss the orc warlord.
You headbutt the orc warlord, but do no damage.
The orc warlord is heavily wounded.
The orc warrior hits you from afar with a trident!
* * * LOW HITPOINT WARNING * * *
The ogre hits you but does no damage.
You sock the orc warlord!
The orc warlord flickers and vanishes!
Deactivating autopickup; reactivate with Ctrl-A.
The orc barely misses you. You furiously retaliate!
You headbutt the orc!
You kill the orc!
Trog accepts your kill. The orc hits you with a club.
* * * LOW HITPOINT WARNING * * *
You sock something!
The orc warrior hits you from afar with a trident!!
You die...

#...............#......
##.#...................
##.#...................
##......................
##.#.#...................
#...##...................
##.......................
#..(...))oo..............
#....#((@{)(((.#.........
##.####(#O...............
## #..(.$..#.. ##.....##
#......# ##......#
........ ........


You could see an orc warrior, an ogre and an orc.

Vanquished Creatures
  An orc high priest (Orc:2)
  2 unseen horrors (D:10)
  A hill giant (D:10)
  An orc sorcerer (Orc:2)
  An ugly thing (D:11)
  Joseph (D:9)
  The ghost of dvd the Dealer of Despair, a novice DDNe of Kikubaaqudgha (D:6)
  A troll (Orc:2)
  A two-headed ogre (Orc:2)
  Sigmund (D:2)
  A shadow (D:11)
  A hungry ghost (D:11)
  A basilisk (D:10)
  12 yaks (D:9)
  13 orc warriors
  An ice beast (D:6)
  A sky beast (D:10)
  8 ogres
  A black bear (D:7)
  An eye of draining (D:9)
  3 wasps
  13 centaurs
  2 big kobolds
  A giant frog (shapeshifter) (D:9)
  4 giant frogs
  6 scorpions
  15 killer bees
  2 howler monkeys (D:9)
  2 crimson imps
  A centaur zombie (D:7)
  10 hounds
  4 jellies
  Crazy Yiuf (D:7)
  A giant frog skeleton (D:4)
  23 orc priests
  2 centaur skeletons
  5 iguanas
  23 orc wizards
  10 worker ants
  A hound skeleton (D:11)
  A hound zombie (D:8)
  A worker ant zombie (D:6)
  3 gnolls (D:3)
  A howler monkey skeleton (D:5)
  9 adders
  A shadow imp (D:5)
  3 oozes
  An adder zombie (D:7)
  3 worms (D:3)
  3 dart slugs (D:1)
  9 giant geckos
  80 orcs
  12 bats
  2 giant cockroaches (D:2)
  7 goblins
  8 hobgoblins
  11 jackals
  16 kobolds
  6 quokkas
  A ball python (D:3)
  7 giant newts
  A jackal skeleton (D:7)
  A jackal zombie (D:5)
  4 quokka skeletons
  10 rats
381 creatures vanquished.

Vanquished Creatures (others)
  A quokka (D:9)
1 creature vanquished.

Grand Total: 382 creatures vanquished

Notes
Turn   | Place    | Note
--------------------------------------------------------------
     0 | D:1      | dvd the Minotaur Berserker began the quest for the Orb.
     0 | D:1      | Reached XP level 1. HP: 19/19 MP: 0/0
    92 | D:1      | Reached XP level 2. HP: 18/27 MP: 1/1
   782 | D:1      | Reached XP level 3. HP: 33/34 MP: 2/2
   923 | D:1      | Reached ** piety under Trog
  1582 | D:2      | Reached XP level 4. HP: 35/41 MP: 3/3
  1745 | D:2      | Noticed Sigmund
  1761 | D:2      | Killed Sigmund
  1761 | D:2      | Reached skill level 5 in Fighting
  1761 | D:2      | Reached XP level 5. HP: 48/48 MP: 4/4
  2041 | D:3      | Reached skill level 5 in Maces & Flails
  2131 | D:3      | Reached XP level 6. HP: 52/56 MP: 5/5
  2179 | D:3      | Reached *** piety under Trog
  2217 | D:3      | Reached skill level 1 in Slings
  2777 | D:3      | Found a stormy altar of Qazlal.
  2777 | D:3      | Found an oddly glowing altar of Pakellas.
  2777 | D:3      | Found a blossoming altar of Fedhas.
  2777 | D:3      | Found an ancient bone altar of Kikubaaqudgha.
  2791 | D:3      | Reached skill level 2 in Slings
  2792 | D:3      | Found an iron altar of Okawaru.
  2792 | D:3      | Found a basalt altar of Yredelemnul.
  3273 | D:4      | Reached skill level 3 in Slings
  3273 | D:4      | Reached XP level 7. HP: 41/61 MP: 6/6
  3432 | D:4      | Reached skill level 4 in Slings
  3440 | D:4      | Reached **** piety under Trog
  3705 | D:4      | Received a gift from Trog
  3756 | D:4      | Reached skill level 5 in Armour
  4038 | D:5      | Entered Level 5 of the Dungeon
  4051 | D:5      | Found Ekhotim's Weapon Shoppe.
  4137 | D:5      | Reached skill level 5 in Slings
  4202 | D:5      | Found Foidgh's Gadget Emporium.
  4299 | D:5      | Found Kifreqim's Antique Armour Boutique.
  4327 | D:5      | Bought a pair of glowing gloves for 148 gold pieces
  4382 | D:5      | Reached XP level 8. HP: 50/70 MP: 7/7
  4579 | D:5      | Reached skill level 6 in Slings
  4774 | D:5      | Found Urekh's Antique Armour Boutique.
  5121 | D:6      | Noticed dvd's ghost (novice DDNe)
  5135 | D:6      | Reached skill level 1 in Stealth
  5313 | D:6      | Killed dvd's ghost
  5313 | D:6      | Reached skill level 7 in Slings
  5698 | D:6      | Reached XP level 9. HP: 75/75 MP: 8/8
  5706 | D:6      | Reached skill level 8 in Slings
  5881 | D:6      | Found an opulent altar of Gozag.
  6169 | D:7      | Found a staircase to the Ecumenical Temple.
  6210 | D:7      | Reached skill level 5 in Dodging
  7002 | D:7      | Noticed Crazy Yiuf
  7009 | D:7      | Killed Crazy Yiuf
  7208 | D:8      | Reached skill level 1 in Shields
  7875 | D:9      | Reached ***** piety under Trog
  7875 | D:9      | Reached skill level 9 in Slings
  8196 | D:9      | Found a white marble altar of Elyvilon.
  8240 | D:9      | Noticed Joseph
  8249 | D:9      | Killed Joseph
  8249 | D:9      | Reached skill level 1 in Staves
  8410 | D:9      | Reached XP level 10. HP: 59/86 MP: 9/9
  8750 | D:9      | Found Soxaek's General Store.
  8830 | D:9      | Received a gift from Trog
  8835 | D:9      | Found a staircase to the Orcish Mines.
  9013 | D:9      | Found a snail-covered altar of Cheibriados.
  9571 | D:9      | Reached skill level 5 in Staves
  9575 | D:9      | Reached skill level 10 in Slings
 10218 | D:10     | Entered Level 10 of the Dungeon
 10461 | D:10     | Killed an unseen horror
 10461 | D:10     | Reached XP level 11. HP: 82/95 MP: 10/10
 10662 | D:10     | Received a gift from Trog
 10812 | D:10     | Killed an unseen horror
 11463 | D:10     | Noticed a hill giant
 11468 | D:10     | Killed a hill giant
 11896 | D:11     | Noticed a red ugly thing
 11906 | D:11     | Killed a red ugly thing
 12019 | D:11     | Found a shadowy altar of Dithmenos.
 12072 | D:11     | Found a staircase to the Lair.
 12450 | Orc:1    | Entered Level 1 of the Orcish Mines
 13004 | Orc:1    | Found Kautt's Book Shoppe.
 13217 | Orc:1    | Received a gift from Trog
 13359 | Orc:2    | Entered Level 2 of the Orcish Mines
 13373 | Orc:2    | Reached skill level 1 in Crossbows
 13544 | Orc:2    | Noticed an orc high priest
 13561 | Orc:2    | Killed an orc high priest
 13649 | Orc:2    | Noticed an orc sorcerer
 13655 | Orc:2    | Killed an orc sorcerer
 13663 | Orc:2    | Noticed an orc warlord
 13681 | Orc:2    | Demolished by an orc warrior

Vault maps used:
D:1:      dpeg_arrival_long_road, roderic_malta_cross, hangedman_feature_mirror
D:2:      first_bread, uniq_sigmund
D:3:      minmay_overflow_temple_hex
D:5:      serial_shops, kennysheep_little_box, nicolae_shop_crystal,
          nicolae_shop_window_shopping, kennysheep_mini, serial_bayou_pond_c,
          minmay_misc_feat_columns, kennysheep_cross_room
D:6:      nicolae_gozag_cash_rules_everything_around_me
D:7:      minmay_temple_entry_junction2, uniq_crazy_yiuf_cottage
D:9:      old_standard_altar, elyvilon_altar_4, hiddenorc2_lemuel, serial_shops,
          shop, uniq_joseph
D:10:     grunt_ogre_cave
D:11:     wad_pebble_path, david_lair_generic, grunt_dithmenos_smoke
D:12:     lemuel_troll_bridge, portal_ice_cave_entry_pillars_01, uniq_rupert,
          uniq_josephine, uniq_maurice
Orc:1:    serial_shops, shop
Orc:2:    st_orc_town, special_room

Skill      XL: |  1  2  3  4  5  6  7  8  9 10 11 |
---------------+----------------------------------+-----
Fighting       | 4 5 6 7 8 9 |  9.7
Maces & Flails | 4 5 6 7 8 |  8.0
Dodging        | 3 4 6 8 9 |  9.3
Armour         | 3 4 5 6 8 |  8.9
Slings         | 3 5 7 9 10 | 10.9
Stealth        | 1 2 3 |  3.3
Shields        | 1 2 |  2.0
Staves         | 2 5 7 |  7.0
Crossbows      | 2 |  2.8
Throwing       | |  0.2

Action                   |  1- 3 |  4- 6 |  7- 9 | 10-12 || total
-------------------------+-------+-------+-------+-------++-------
Melee: Mace              |    98 |    77 |       |     5 ||   180
       Headbutt          |    12 |    15 |    47 |    81 ||   155
       Whip              |       |    15 |   154 |     5 ||   174
       Quarterstaff      |       |       |    72 |   263 ||   335
       War axe           |       |       |     5 |       ||     5
       Hunting sling     |       |       |     1 |       ||     1
       Flail             |       |       |       |    84 ||    84
       Dire flail        |       |       |       |    15 ||    15
 Fire: Hunting sling     |     3 |    82 |   100 |    59 ||   244
       Greatsling        |       |       |       |    30 ||    30
Throw: Stone             |       |     2 |       |       ||     2
Invok: Berserk           |     1 |     1 |     5 |    11 ||    18
       Burn Spellbooks   |       |       |     2 |       ||     2
       Trog's Hand       |       |       |       |     4 ||     4
  Use: Scroll            |       |    10 |     4 |     6 ||    20
       Potion            |       |       |    14 |     3 ||    17
 Stab: Sleeping          |     1 |       |       |     2 ||     3
       Paralysed         |       |       |     2 |       ||     2
       Confused          |       |       |       |     2 ||     2
       Petrified         |       |       |       |     1 ||     1
  Eat: Chunk             |     3 |     7 |    15 |    21 ||    46
       Pizza             |       |       |     2 |     1 ||     3
       Royal jelly       |       |       |     2 |       ||     2
       Meat ration       |       |       |       |     1 ||     1
Armor: Animal skin       |    13 |       |       |       ||    13
       Chain mail        |    50 |    56 |    71 |       ||   177
       Leather armour    |       |       |    26 |    92 ||   118
Dodge: Dodged            |    78 |    34 |   123 |   295 ||   530
Block: Buckler           |       |       |     7 |     8 ||    15
